 Dungeon Crawl Stone Soup version 0.31-a0-1074-g0b22e4e0f1 (webtiles) character file.

Game seed: 1583236720055281320

48 drugrobin the Sneak (level 3, -1/30 HPs)
             Began as a Demigod Delver on Dec 5, 2023.
             Killed from afar by an orc wizard (12 damage)
             ... with a magic dart
             ... on level 2 of the Dungeon.
             The game lasted 00:02:38 (547 turns).

drugrobin the Sneak (Demigod Delver)                 Turns: 547, Time: 00:02:39

Health: -1/30      AC:  5    Str: 17    XL:     3   Next: 30%
Magic:  5/5        EV: 11    Int: 12    God:
Gold:   30         SH:  0    Dex: 15    Spells: 2/2 levels left

rFire   . . .        a - +0 mace
rCold   . . .        (no shield)
rNeg    . . .        l - +0 ring mail
rPois   .            (no helmet)
rElec   .            (no cloak)
rCorr   .            (no gloves)
SInv    .            (no boots)
Will    .....        (no amulet)
Stlth   +            (no ring)
HPRegen 0.25/turn    (no ring)
MPRegen 0.09/turn

%: no passive effects
@: confused
A: high MP 1, forlorn, divine attributes
a: no special abilities


You were on level 2 of the Dungeon.
You visited 1 branch of the dungeon, and saw 4 of its levels.

You collected 30 gold pieces.

Inventory:

Hand Weapons
 a - a +0 mace (weapon)
Missiles
 k - 2 boomerangs (quivered)
Armour
 b - a +0 leather armour
 l - a +0 ring mail (worn)
Wands
 g - a wand of digging (2)
 j - a wand of flame (2)
Scrolls
 c - a scroll of fog
 d - a scroll of revelation
 e - a scroll of fear
 h - a scroll of immolation {unknown}
 i - 2 scrolls of identify {unknown}
 m - a scroll of brand weapon {unknown}
Potions
 f - a potion of haste


   Skills:
 - Level 2.6 Fighting
 + Level 3.6 Maces & Flails
 - Level 1.7 Dodging
 - Level 4.5 Stealth


You had 2 spell levels left.
You didn't know any spells.
Your spell library was empty.

Dungeon Overview and Level Annotations

Branches:
Dungeon (5/15)
 Temple: D:4-7


Innate Abilities, Weirdness & Mutations

You have an increased reservoir of magic. (+10% MP)
You shall have no god before yourself.
Your divine heritage dramatically boosts your attributes as you level up.


Message History

You hit the orc.
You kill the orc!
Okay, then.
You hit the orc.
The orc is moderately wounded.
The orc hits you but does no damage. The orc barely misses you.
You completely miss the orc.
The orc is moderately wounded.
The orc hits you with a +0 dagger.
You closely miss the orc.
The orc is moderately wounded.
The orc closely misses you.
You completely miss the orc.
The orc is moderately wounded.
The orc hits you but does no damage.
You hit the orc.
You kill the orc!
You closely miss something.
You hear some strange, mumbled words.
A magic dart appears from out of thin air!
The magic dart hits you. Something completely misses you.
Unknown command.
You barely miss something. Something hits you.
You miss something. Something hits you but does no damage.
You hit something. Something hits you.
You hit something. Something hits you.
You miss something.
You hear some strange, mumbled words.
You are confused.
Something hits you but does no damage.
Unknown command.
Unknown command.
You completely miss something. Something hits you.
Unknown command.
Unknown command.
You bump into the rock wall.
You hear some strange, mumbled words.
A magic dart appears from out of thin air!
The magic dart hits you!
You die...

#.# ... #.##.# #.# # #.
#.##.# .##.# #.#.B##.##.#
..).# #.......##.#######
.##>######.......†.......
........###.####.########
.##..##..... #.# ##..##
### #{# #..## #@# ....##
#.# .##..## #.# ##....##
#.# #..##..## #.#
....##..## #.#
.##.)##..## #.#
##.#..##..# #.#
.##..##..## #.#


There were no monsters in sight!

Vanquished Creatures
  An adder (D:3)
  9 orcs
  2 endoplasms
  3 giant cockroaches (D:2)
  A goblin (D:3)
  4 jackals (D:2)
  2 quokkas
  2 kobolds
  2 rats (D:2)
26 creatures vanquished.

Notes
Turn   | Place    | Note
-------+----------+-------------------------------------------
     0 | D:5      | drugrobin the Demigod Delver began the quest for the Orb.
     0 | D:5      | Reached XP level 1. HP: 18/18 MP: 3/3
    24 | D:5      | Noticed an iguana
   107 | D:3      | Reached XP level 2. HP: 8/25 MP: 4/4
   265 | D:3      | Noticed an ogre
   396 | D:2      | Reached XP level 3. HP: 29/30 MP: 5/5
   547 | D:2      | Killed from afar by an orc wizard

Illustrated notes

Levels and vault maps discovered:
D:2:      minmay_alternating_diamond, layout_loops_ring
D:3:      layout_loops_ring, st_stairs_8, hex_large, amethyst_killhole,
          minivault_24, chequers_serial_rivers_room_b, minmay_surrounded
D:4:      layout_loops_ring
D:5:      layout_gridville, minmay_temple_entry_water_ring, serial_shops,
          nicolae_shop_competitors_out_of_business, nicolae_shop_hallway_plus,
          nicolae_shop_back_alley_shop, nicolae_square_shop, uniq_edmund,
          uniq_eustachio

Skill      XL: |  1  2 |
---------------+-------+-----
Maces & Flails | 2 3 |  3.6
Fighting       | |  2.6
Dodging        | |  1.7
Stealth        | |  4.5

Action                     || total
---------------------------++-------
  Melee: Mace              ||    83
  Throw: Boomerang         ||    11
  Evoke: Wand              ||    14
   Stab: Sleeping          ||     1
 Armour: Leather armour    ||    22
         Ring mail         ||    53
  Dodge: Dodged            ||    53

Table legend: (Time is in decaauts)
 A = Elapsed time spent in this place.
 B = Non-inter-level travel time spent in this place.
 C = Inter-level travel time spent in this place.
 D = Time resting spent in this place.
 E = Time spent auto-exploring this place.
 F = Levels seen in this place.
 G = Mean time per level.
                   A        B        C        D        E       F      G
               +--------+--------+--------+--------+--------+-----+--------+
         Total |    569 |    569 |      0 |    126 |    154 |   4 |  142.2 |
       Dungeon |    569 |    569 |      0 |    126 |    154 |   4 |  142.2 |
               +--------+--------+--------+--------+--------+-----+--------+

Top non-repeatable levels by time:
     D:2: 295 daAuts
     D:3: 194 daAuts
     D:5: 61 daAuts
     D:4: 18 daAuts
